Map: Newkirk Precinct TE (Void)

Players

lukicz - Winner!

  • Race: Protoss Protoss
  • League: Platinum
  • Spawn Location: 5:00

A.I. 1 (Hard)

  • Race: Zerg Zerg
  • Spawn Location: 7:00

VOD

Have the link to the VOD?

Description

Time

  • Played on: Feb. 27, 2017, 1:28 p.m.
  • Length: 10:26
Show
View Real Time Build Order
Export as new Build Order

lukicz Protoss - Winner!

Build Orders: 1 Gate Expand 

Get SALT Encoding   

  12  0:01  Probe (Chrono Boost)  
  13  0:13  Probe (Chrono Boost)  
  14  0:22  Pylon  
  14  0:24  Probe (Chrono Boost)  
  15  0:40  Probe (Chrono Boost)  
  16  0:43  Gateway  
  16  0:50  Probe (Chrono Boost)  
  16  0:52  Assimilator  
  17  1:01  Probe (Chrono Boost)  
  18  1:11  Probe (Chrono Boost)  
  19  1:27  Nexus  
  19  1:34  Probe (Chrono Boost)  
  20  1:53  Cybernetics Core  
  19  1:54  Pylon  
  19  1:56  Probe (Chrono Boost)  
  20  2:06  Assimilator  
  20  2:07  Probe (Chrono Boost)  
  21  2:17  Gateway, Probe (Chrono Boost)  
  22  2:28  Probe (Chrono Boost)  
  23  2:35  Warp Gate, Adept  
  25  2:38  Probe (Chrono Boost)  
  25  2:41  Twilight Council  
  25  2:43  Probe (Chrono Boost)  
  27  2:53  Probe (Chrono Boost)  
  27  2:54  Probe (Chrono Boost)  
  29  3:04  Probe (Chrono Boost)  
  29  3:05  Probe (Chrono Boost)  
  31  3:08  Adept  
  31  3:11  Resonating Glaives  
  33  3:15  Probe (Chrono Boost), Mothership Core (Chrono Boost)  
  37  3:27  Probe (Chrono Boost)  
  37  3:33  Probe (Chrono Boost)  
  38  3:39  Probe (Chrono Boost)  
  39  3:43  Probe (Chrono Boost)  
  40  3:52  Probe (Chrono Boost)  
  40  3:54  Probe (Chrono Boost)  
  43  4:04  Probe x2 (Chrono Boost)  
  43  4:05  Nexus  
  43  4:07  Pylon  
  43  4:08  Pylon  
  44  4:12  Pylon  
  44  4:15  Probe (Chrono Boost)  
  44  4:16  Probe (Chrono Boost)  
  46  4:25  Assimilator, Probe (Chrono Boost)  
  46  4:28  Probe (Chrono Boost)  
  48  4:33  Assimilator  
  48  4:36  Probe (Chrono Boost)  
  50  4:40  Gateway, Probe (Chrono Boost)  
  50  4:46  Probe (Chrono Boost)  
  50  4:52  Probe (Chrono Boost)  
  52  4:53  Adept x2  
  52  4:57  Probe (Chrono Boost)  
  58  5:08  Probe x2 (Chrono Boost)  
  58  5:14  Adept x2  
  61  5:18  Probe (Chrono Boost)  
  61  5:20  Probe (Chrono Boost)  
  65  5:26  Probe (Chrono Boost)  
  66  5:33  Probe (Chrono Boost)  
  66  5:34  Probe (Chrono Boost)  
  68  5:41  Probe (Chrono Boost)  
  69  5:43  Adept x3, Probe (Chrono Boost)  
  69  5:48  Probe (Chrono Boost)  
  75  5:51  Probe (Chrono Boost)  
  75  5:56  Pylon  
  76  6:01  Pylon  
  76  6:03  Probe x2 (Chrono Boost)  
  79  6:04  Probe (Chrono Boost)  
  79  6:05  Pylon, Adept x3  
  79  6:09  Pylon  
  85  6:14  Probe x2 (Chrono Boost)  
  85  6:16  Probe (Chrono Boost)  
  88  6:21  Stargate x2  
  88  6:25  Probe x2 (Chrono Boost)  
  90  6:27  Forge  
  90  6:29  Forge  
  90  6:31  Gateway  
  90  6:35  Probe (Chrono Boost)  
  90  6:36  Probe (Chrono Boost)  
  90  6:37  Gateway x2, Probe (Chrono Boost)  
  93  6:40  Gateway  
  93  6:41  Gateway  
  93  6:44  Gateway  
  93  6:45  Adept x3  
  93  6:46  Gateway  
  99  6:50  Probe x2 (Chrono Boost)  
  99  6:51  Probe (Chrono Boost)  
  99  6:52  Assimilator  
  99  6:53  Gateway  
  102  6:55  Assimilator  
  102  7:00  Probe (Chrono Boost)  
  102  7:01  Probe (Chrono Boost)  
  104  7:12  Nexus  
  104  7:13  Probe x2 (Chrono Boost)  
  104  7:15  Phoenix x2  
  106  7:16  Assimilator  
  106  7:20  Assimilator  
  106  7:23  Pylon  
  106  7:25  Pylon  
  106  7:27  Pylon, Probe x3 (Chrono Boost)  
  105  7:30  Pylon  
  105  7:36  Pylon  
  103  7:37  Pylon  
  103  7:40  Pylon  
  103  7:42  Pylon  
  101  7:46  Pylon  
  101  7:50  Phoenix x2  
  101  7:52  Protoss Ground Weapons Level 1, Protoss Ground Armor Level 1  
  103  8:00  Adept x2  
  103  8:01  Adept x7  
  121  8:17  Phoenix x2  
  121  8:26  Adept  
  121  8:27  Adept x8  
  143  8:38  Probe x3 (Chrono Boost)  
  146  9:05  Phoenix x2  
  140  9:23  Adept x6  
  140  9:24  Adept x5  
  150  9:42  Phoenix  
  150  9:45  Probe x3 (Chrono Boost)  
  153  9:50  Adept x4  
  153  9:51  Adept x6  
  173  10:22  Adept x7  
  173  10:23  Adept x4  
Show
View Real Time Build Order
Export as new Build Order

A.I. 1 (Hard) Zerg 

Build Orders: Pool First 

Get SALT Encoding   

  12  0:01  Drone  
  13  0:13  Overlord  
  13  0:18  Drone  
  14  0:31  Drone  
  14  0:32  Drone  
  16  0:42  Spawning Pool  
  16  0:45  Drone  
  16  0:49  Drone  
  17  0:52  Extractor  
  17  0:56  Drone  
  17  1:06  Overlord  
  17  1:30  Queen  
  17  1:31  Zergling x2  
  20  1:38  Roach Warren, Zergling x2  
  20  1:39  Drone  
  21  1:43  Extractor  
  20  1:49  Drone  
  21  2:00  Drone  
  22  2:12  Drone  
  23  2:21  Overlord  
  23  2:32  Drone  
  24  2:37  Roach  
  24  2:43  Overlord  
  24  2:44  Roach  
  28  2:50  Roach  
  30  2:57  Roach  
  32  3:06  Roach  
  32  3:09  Overlord  
  32  3:12  Roach  
  36  3:13  Drone  
  36  3:17  Drone  
  38  3:28  Drone  
  38  3:30  Baneling Nest  
  38  3:39  Evolution Chamber, Roach  
  38  3:40  Drone  
  40  3:42  Drone  
  40  3:45  Roach  
  43  3:51  Drone  
  44  4:01  Drone  
  45  4:13  Drone  
  46  4:57  Zergling x2  
  46  5:00  Zerg Melee Weapons Level 1  
  46  5:01  Overlord, Burrow  
  46  5:02  Evolution Chamber  
  45  5:14  Drone  
  46  5:17  Hatchery  
  44  5:27  Zerg Missile Weapons Level 1  
  44  5:35  Drone  
  45  5:39  Roach  
  45  5:47  Roach  
  33  5:55  Roach  
  35  6:03  Roach  
  39  6:11  Roach  
  39  6:13  Lair  
  39  6:19  Roach  
  39  6:24  Spore Crawler  
  40  6:27  Roach  
  40  6:28  Spore Crawler  
  40  6:30  Drone  
  42  6:35  Roach  
  42  6:36  Drone  
  45  6:41  Drone  
  45  6:43  Drone  
  45  6:46  Drone  
  48  6:50  Drone  
  48  6:53  Drone  
  50  6:55  Drone, Zerg Ground Armor Level 1  
  50  6:58  Drone  
  50  7:00  Drone  
  53  7:04  Overlord  
  53  7:07  Drone  
  54  7:09  Roach  
  54  7:10  Overseer, Drone  
  54  7:12  Overseer, Drone, Roach  
  54  7:13  Hydralisk Den  
  55  7:16  Roach  
  55  7:20  Drone  
  55  7:22  Spine Crawler, Roach  
  54  7:23  Drone, Zergling x2  
  54  7:24  Drone, Roach  
  54  7:25  Roach  
  54  7:26  Drone  
  54  7:27  Roach  
  54  7:29  Roach  
  54  7:32  Drone, Roach  
  54  7:33  Drone  
  56  7:42  Drone  
  56  7:44  Roach  
  52  7:53  Hydralisk  
  52  7:55  Drone  
  52  7:58  Overlord  
  49  8:01  Zergling x2  
  50  8:07  Spine Crawler  
  50  8:09  Drone, Roach  
  50  8:10  Spore Crawler  
  50  8:11  Drone  
  52  8:15  Spore Crawler  
  52  8:16  Drone  
  52  8:18  Roach  
  54  8:20  Queen  
  54  8:24  Queen  
  54  8:25  Hydralisk  
  60  8:31  Infestation Pit  
  61  8:34  Roach  
  61  8:36  Spire  
  61  8:40  Spine Crawler, Drone  
  60  8:42  Roach  
  60  8:45  Spine Crawler  
  60  8:46  Drone  
  62  8:50  Roach  
  63  9:01  Zergling x2  
  58  9:05  Zergling x2  
  58  9:06  Overlord  
  58  9:08  Zergling x2  
  60  9:12  Extractor, Roach, Zergling x2  
  60  9:15  Drone, Zergling x2  
  60  9:16  Hatchery  
  54  9:21  Zergling x2  
  46  9:25  Zergling x2  
  46  9:29  Zergling x2  
  40  9:32  Hydralisk  
  40  9:36  Drone, Roach  
  40  9:38  Drone  
  33  9:40  Zergling x2  
  33  9:44  Hydralisk  
  34  9:51  Drone  
  33  9:55  Hydralisk  
  29  10:01  Hydralisk  
  29  10:06  Drone  
  30  10:10  Drone  
Tags
 
Add a new tag
Caveats
  • Supply blocks, unpowered buildings, or Contaminate may cause inaccurate times.
  • Supply counts are checked every 10 seconds.